 Dungeon Sprint DCSS version 0.31.0-12-g77e489cdc1 (webtiles) character file.

Game seed: 14325478822098446449

1200000 Kallu the Spry (level 13, -22/114 HPs)
             Began as a Djinni Warper on Feb 14, 2024.
             Was a Follower of Makhleb.
             Annihilated by a meat berserker
             ... wielding a +9 battleaxe
              (77 damage)
             ... in the Dungeon (Sprint VIII: "Arena of Blood").
             The game lasted 00:00:27 (12 turns).

Kallu the Spry (Djinni Warper)                        Turns: 12, Time: 00:00:28

Health: -22/114    AC:  3    Str: 10    XL:     13   Next: 12%
Gold:   0          EV: 19    Int: 21    God:    Makhleb [*.....] SH:  0 Dex: 12

rFire   + + .        h - +∞ Axe of Woe
rCold   x . .        (shield currently unavailable)
rNeg    . . .        a - +0 leather armour
rPois   ∞            (no helmet)
rElec   .            (no cloak)
rCorr   .            (no gloves)
SInv    .            (boots unavailable)
Will    +....        (no amulet)
Stlth   +            (no ring)
HPRegen 0.39/turn    (no ring)
MPRegen 0.00/turn

%: no teleportation, infuse magic (-23 HP)
@: flying
A: sickness immunity, fire resistance 2, cold vulnerability 1, float, innate
caster, HP casting, extra vitality 1
a: Renounce Religion


You were in the Dungeon.
You worshipped Makhleb.
Makhleb was aware of your devotion.
You visited 1 branch

Inventory:

Hand Weapons
 h - the +∞ Axe of Woe (weapon)
   (You found it in the Dungeon)
Missiles
 c - 7 darts of dispersal (quivered)
Armour
 a - a +0 leather armour (worn)
Scrolls
 b - 2 scrolls of blinking
Potions
 d - a potion of curing
 e - a potion of heal wounds
 f - a potion of haste
 g - a potion of berserk rage


   Skills:
 + Level 18.3 Fighting
 + Level 1.7 Axes
 + Level 5.0 Throwing
 + Level 6.0 Armour
 + Level 19.8 Dodging
 + Level 18.3 Unarmed Combat
 + Level 2.9 Spellcasting
 + Level 2.9 Conjurations
 + Level 2.9 Hexes
 + Level 2.9 Summonings
 + Level 2.9 Necromancy
 + Level 2.9 Translocations
 + Level 2.9 Fire Magic
 + Level 2.9 Ice Magic
 + Level 2.9 Air Magic
 + Level 2.9 Earth Magic
 + Level 2.9 Alchemy


You knew the following spells:

 Your Spells              Type           Power      Damage    Failure   Level
a - Blink                 Tloc           30%        N/A       8%          2
b - Lesser Beckoning      Tloc           30%        N/A       8%          2
c - Teleport Other        Tloc           15%        N/A       16%         3
d - Manifold Assault      Tloc           15%        N/A       45%         4
e - Vhi's Electric Charg  Tloc/Air       30%        N/A       45%         4
f - Sting                 Conj/Alch      60%        1d6       4%          1
g - Ensorcelled Hibernat  Hex/Ice        30%        N/A       8%          2
h - Searing Ray           Conj           30%        2d5       8%          2
i - Mephitic Cloud        Conj/Alch/Air  15%        N/A       16%         3
j - Brom's Barrelling Bo  Conj/Erth      15%        2d4       45%         4
k - Freezing Cloud        Conj/Ice/Air   7%         6-21      80%         5
Your spell library was empty.

Dungeon Overview and Level Annotations

Branches:
Dungeon (1/1)

Altars:
Makhleb


Innate Abilities, Weirdness & Mutations

You are immune to sickness and miasma.
You are immune to poison.
Your flesh is very heat resistant. (rF++)
You are vulnerable to cold. (rC-)
You float through the air rather than walking.
You learn spells naturally, not from books.
Your magical power is your life essence.
You have superior vitality. (+4 MHP)


Message History

Okay, then.
Unknown command.
A meat berserker comes into view. It is wielding a +9 battleaxe.
The meat berserker rages.
Unknown command.
Unknown command.
Casting: Mephitic Cloud (dangerous; 16% risk of failure)
Confirm with . or Enter, or press ? or * to list all spells.
Aiming: Mephitic Cloud (dangerous; 16% risk of failure)
Press: ? - help, Shift-Dir - straight line The ball explodes into a vile cloud!
The stinking cloud engulfs the meat berserker.
The stinking cloud engulfs the bag of meat. x2
The stinking cloud engulfs the meat berserker.
The bag of meat is engulfed in noxious fumes. x2
The meat berserker rages.
The meat berserker is engulfed in noxious fumes.
A bag of meat comes into view. It is wielding a +9 war axe.
Unknown command.
Unknown command.
You slash the meat berserker!
You butcher the meat berserker messily.
You kill the meat berserker!
Makhleb accepts your kill.
You feel better.
You slash the bag of meat!
You hew the bag of meat violently.
You kill the bag of meat!
Makhleb accepts your kill.
The meat berserker appears out of thin air!
A meat berserker comes into view. It is wielding a +9 battleaxe.
The bag of meat appears out of thin air!
A bag of meat comes into view. It is wielding a +9 war axe.
The meat berserker shouts!
The bag of meat shouts!
The meat berserker rages.
The meat berserker is engulfed in noxious fumes.
The meat berserker hits you with a +9 battleaxe!!!
The bag of meat is engulfed in noxious fumes.
The bag of meat hits you with a +9 war axe!
The meat berserker rages.
The meat berserker hits you with a +9 battleaxe!!!!
Ouch! That really hurt!
You die...

...........
........o.
....o..o..
...o.....
.......O.
#.......# .
#O.....O# ...
.###......@###....
......###oOo§.....
......_.Oo☼o.....
.#.....#☼......
#_.<._#.......
#.....#......#
......_..........
......###.........
.###.. ...###....


You could see 5 meat berserkers and 8 bags of meat.

Vanquished Creatures
  2 ogres (D)
  2 orcs (D)
4 creatures vanquished.

Notes
Turn   | Place    | Note
-------+----------+-------------------------------------------
     0 | D        | Found the +∞ Axe of Woe
     0 | D        | Kallu the Djinni Warper began the quest for the Orb.
     0 | D        | Kallu set off with the following spells memorised: Blink,
                  | Lesser Beckoning, Teleport Other, Manifold Assault, Vhi's
                  | Electric Charge.
     0 | D        | Reached XP level 1. HP: 18/18 MP: 0/0
     2 | D        | Noticed a bag of meat
     3 | D        | Noticed a meat berserker
     3 | D        | Noticed a bag of meat
     4 | D        | Became a worshipper of Makhleb the Destroyer
     4 | D        | Noticed a bag of meat
     6 | D        | Killed a meat berserker
     7 | D        | Reached skill level 5 in Armour
     7 | D        | Reached skill level 18 in Dodging
     7 | D        | Reached XP level 2. HP: 45/45 MP: 0/0
     7 | D        | Reached XP level 3. HP: 50/50 MP: 0/0
     7 | D        | Learned a level 1 spell: Sting
     7 | D        | Reached XP level 4. HP: 57/57 MP: 0/0
     7 | D        | Reached XP level 5. HP: 63/63 MP: 0/0
     7 | D        | Learned a level 2 spell: Ensorcelled Hibernation
     7 | D        | Reached XP level 6. HP: 69/69 MP: 0/0
     7 | D        | Reached XP level 7. HP: 75/75 MP: 0/0
     7 | D        | Learned a level 2 spell: Searing Ray
     7 | D        | Reached XP level 8. HP: 81/81 MP: 0/0
     7 | D        | Reached XP level 9. HP: 86/86 MP: 0/0
     7 | D        | Learned a level 3 spell: Mephitic Cloud
     7 | D        | Reached XP level 10. HP: 94/94 MP: 0/0
     7 | D        | Reached XP level 11. HP: 99/99 MP: 0/0
     7 | D        | Learned a level 4 spell: Brom's Barrelling Boulder
     7 | D        | Reached XP level 12. HP: 105/105 MP: 0/0
     7 | D        | Noticed a meat berserker
     7 | D        | Noticed a bag of meat
     7 | D        | Noticed a meat berserker
     7 | D        | Noticed a bag of meat
     7 | D        | Noticed a bag of meat
     8 | D        | Killed a bag of meat
     8 | D        | Reached * piety under Makhleb
     8 | D        | Noticed a bag of meat
     9 | D        | Reached skill level 1 in Axes
     9 | D        | Reached skill level 5 in Throwing
     9 | D        | Reached skill level 19 in Dodging
     9 | D        | Reached XP level 13. HP: 114/114 MP: 0/0
     9 | D        | Learned a level 5 spell: Freezing Cloud
     9 | D        | Noticed a meat berserker
     9 | D        | Noticed a meat berserker
    10 | D        | Noticed a bag of meat
    10 | D        | Noticed a meat berserker
    11 | D        | Noticed a bag of meat
    12 | D        | Killed a meat berserker
    12 | D        | Killed a bag of meat
    12 | D        | Noticed a meat berserker
    12 | D        | Noticed a bag of meat
    12 | D        | Annihilated by a meat berserker

Illustrated notes

Levels and vault maps discovered:
D:        meatsprint

Skill      XL: |  1  2  3  4  5  6  7  8  9 10 11 12 |
---------------+-------------------------------------+-----
Fighting       | 16 18 | 18.3
Throwing       | 4 5 |  5.0
Armour         | 5 6 |  6.0
Dodging        | 18 19 | 19.8
Unarmed Combat | 16 18 | 18.3
Axes           | 1 |  1.7
Spellcasting   | |  2.9
Conjurations   | |  2.9
Hexes          | |  2.9
Summonings     | |  2.9
Necromancy     | |  2.9
Translocations | |  2.9
Fire Magic     | |  2.9
Ice Magic      | |  2.9
Air Magic      | |  2.9
Earth Magic    | |  2.9
Alchemy        | |  2.9

Action                     |  1- 3 |  4- 6 |  7- 9 | 10-12 | 13-15 || total
---------------------------+-------+-------+-------+-------+-------++-------
  Melee: Executioner's axe |     1 |       |       |     1 |     1 ||     3
   Cast: Mephitic Cloud    |       |       |       |       |     1 ||     1
 Armour: Leather armour    |       |       |       |       |     3 ||     3
  Dodge: Dodged            |       |       |       |     1 |       ||     1
